 Dungeon Crawl Stone Soup version 0.29.1-14-g9c671dbff4 (webtiles) character file.

Game seed: 12343496155832102187

64 KittyFluff the Trooper (level 4, -6/43 HPs)
             Began as a Gargoyle Berserker on Feb 15, 2023.
             Was a Believer of Trog.
             Mangled by Sigmund
             ... wielding a +0 scythe
              (9 damage)
             ... on level 2 of the Dungeon.
             The game lasted 00:06:14 (1759 turns).

KittyFluff the Trooper (Gargoyle Berserker)         Turns: 1759, Time: 00:06:15

Health: -6/43      AC:  8    Str: 20    XL:     4   Next: 12%
Magic:  4/4        EV: 11    Int:  8    God:    Trog [**....]
Gold:   64         SH:  0    Dex: 11    Spells: 3/3 levels left

rFire   . . .      SeeInvis .   a - +0 mace
rCold   . . .      Faith    .   (no shield)
rNeg    + . .      Spirit   .   f - +0 leather armour
rPois   ∞          Reflect  .   (no helmet)
rElec   +          Harm     .   (no cloak)
rCorr   +          Rampage  .   b - +0 pair of gloves
Will    .....                   (no boots)
Stlth   ..........              (no amulet)
HPRegen 0.14/turn               m - ring of resist corrosion
MPRegen 0.09/turn               i - +4 ring of slaying

@: berserking, very quick
A: sickness immunity, AC +3, negative energy resistance 1, electricity
resistance, torment resistance 1, petrification resistance
a: Renounce Religion, Berserk, Trog's Hand


You were on level 2 of the Dungeon.
You worshipped Trog.
Trog was pleased with you.
You visited 1 branch of the dungeon, and saw 2 of its levels.

You collected 64 gold pieces.

Inventory:

Hand Weapons
 a - a +0 mace (weapon)
Missiles
 c - 14 stones (quivered)
Armour
 b - a +0 pair of gloves (worn)
 f - a +0 leather armour (worn)
Jewellery
 i - a +4 ring of slaying (right hand)
 m - a ring of resist corrosion (left hand)
Scrolls
 d - a scroll of teleportation
 e - a scroll of immolation
 g - a scroll of magic mapping {unknown}
 h - a scroll of blinking {unknown}
 o - a scroll of identify
Potions
 j - a potion of might {unknown}
 k - a potion of curing {unknown}
 l - a potion of berserk rage {unknown}
 n - a potion of brilliance {unknown}


   Skills:
 + Level 3.8 Fighting
 + Level 3.8 Maces & Flails
 * Level 3.1 Armour
 + Level 1.9 Dodging


You had 3 spell levels left.
You didn't know any spells.
Your spell library was empty.

Dungeon Overview and Level Annotations

Branches:
Dungeon (2/15)

Altars:

Shops:
D:1 (

Annotations:
D:2 Sigmund


Innate Abilities, Weirdness & Mutations

You are immune to sickness and miasma.
Your stone body is resilient. (AC +3)
You are immune to poison.
You resist negative energy. (rN+)
You are resistant to electric shocks. (rElec)
You are resistant to unholy torment.
You are immune to petrification.


Message History

Press: ? - help, Q - select action, (/) - cycle Shift-Dir - straight line, f/p - gnoll
Aim: a gnoll, wielding a +3 spear (lightly wounded, 65% to hit)
You throw a stone.
The stone hits the gnoll but does no damage.
The gnoll is lightly wounded.
The gnoll closely misses you. The gnoll hits you with a +3 spear.
The gnoll closely misses you.
You hit the gnoll.
The gnoll is heavily wounded.
The gnoll hits you from afar with a +0 halberd.
The gnoll misses you.
A red film seems to cover your vision as you go berserk!
You feel yourself moving faster!
You feel mighty!
The gnoll hits you from afar with a +0 halberd!
* * * LOW HITPOINT WARNING * * *
The gnoll closely misses you.
You sock the gnoll!
You kill the gnoll!
Trog accepts your kill. The gnoll barely misses you.
You have reached level 4!
You feel clever. The gnoll closely misses you.
Sigmund hits you but does no damage.
Things that are here:
a +3 spear; a gnoll corpse You closely miss the gnoll.
You barely miss the gnoll. The gnoll closely misses you.
Sigmund mumbles some strange words.
Sigmund flickers and vanishes!
Deactivating autopickup; reactivate with Ctrl-A.
You sock the gnoll!
The gnoll is almost dead.
A gnoll comes into view. It is wielding a +0 spear.
The gnoll hits you with a +0 halberd.
* * * LOW HITPOINT WARNING * * *
You completely miss the gnoll.
The gnoll is almost dead.
The gnoll shouts!
Something hits you!
You die...

..######..#####.######
.#........##....†....#
.#.######.##.##.####.#
.#.# #.##.##.# #.# ##.#
#.......# #<# ##)##
####.#### #.......#
#...# #.# #######..
#...# #.###### #...#
#.##.@g# #...#####
#.#.###{#
........####..## #w.
...........#..##.......
........##.......#
...g.
#...########.#.###
.>... #...# #.##.. ####
#...# #.. ### #...#
###.


You could see a worm and 2 gnolls.

Vanquished Creatures
  An adder (D:2)
  A gnoll (D:2)
  2 worms (D:2)
  2 dart slugs (D:1)
  5 ball pythons
  5 endoplasms
  A giant cockroach (D:2)
  2 hobgoblins
  4 jackals (D:2)
  2 quokkas
  3 bats
  A frilled lizard (D:1)
  2 kobolds (D:1)
  5 rats
36 creatures vanquished.

Notes
Turn   | Place    | Note
-------+----------+-------------------------------------------
     0 | D:1      | KittyFluff the Gargoyle Berserker began the quest for the
                  | Orb.
     0 | D:1      | Reached XP level 1. HP: 14/14 MP: 1/1
   560 | D:1      | Reached XP level 2. HP: 17/19 MP: 2/2
   867 | D:1      | Found Reetyz Ipio's Weapon Shoppe.
  1200 | D:2      | Reached XP level 3. HP: 13/24 MP: 3/3
  1376 | D:2      | Found a faded altar of an unknown god.
  1426 | D:2      | Reached ** piety under Trog
  1744 | D:2      | Noticed Sigmund
  1755 | D:2      | Reached XP level 4. HP: 7/29 MP: 4/4
  1759 | D:2      | Mangled by Sigmund

Illustrated notes

Levels and vault maps discovered:
D:1:      dpeg_arrival_water_temple_mockup, layout_loops_corners, serial_shops,
          nicolae_shop_bloodbath_and_beyond, hangedman_abyss_or_decor_stabs
D:2:      layout_loops_cross, ebering_ecumenical_altar_rust, uniq_robin,
          uniq_sigmund

Skill      XL: |  1  2  3 |
---------------+----------+-----
Armour         | 3 |  3.1
Fighting       | |  3.8
Maces & Flails | |  3.8
Dodging        | |  1.9

Action                   |  1- 3 |  4- 6 || total
-------------------------+-------+-------++-------
Melee: Mace              |   106 |     4 ||   110
       Punch             |     1 |       ||     1
Throw: Stone             |     3 |       ||     3
Invok: Berserk           |     2 |       ||     2
  Use: Scroll            |     3 |       ||     3
       Potion            |     1 |       ||     1
Armor: Leather armour    |    53 |     1 ||    54
Dodge: Dodged            |   103 |     2 ||   105
